 Dungeon Crawl Stone Soup version 0.17.0-24-gcfadda4 (webtiles) character file.

84 Ijustatesigmund the Conjurer (level 4, -2/30 HPs)
             Began as a Demonspawn Wizard on Nov 16, 2015.
             Killed from afar by a white imp (11 damage)
             ... with a puff of frost
             ... summoned by Natasha
             ... on level 3 of the Dungeon.
             The game lasted 00:05:44 (2238 turns).

Ijustatesigmund the Conjurer (Demonspawn Wizard)    Turns: 2238, Time: 00:05:47

Health: -2/30      AC:  3    Str:  8    XL:     4   Next: 23%
Magic:  1/8        EV: 17    Int: 20    God:
Gold:   97         SH:  0    Dex: 16    Spells: 1 memorised, 8 levels left

rFire  . . .     SeeInvis .     f - +0 short sword
rCold  . . .     Clarity  .     a - +0 robe
rNeg   . . .     SustAt   .     (no shield)
rPois  .         Gourm    .     b - +0 hat
rElec  .         Spirit   .     (no cloak)
rCorr  .         Warding  .     r - +0 pair of gloves
rMut   .         Stasis   .     (no boots)
MR     .....                    (no amulet)
Stlth  +++.......               (no ring)
                                (no ring)

@: agile, slowed, very slow, not resistant to hostile enchantments, fairly
stealthy
A: demonic guardian 1, rot immunity
a: no special abilities


You were on level 3 of the Dungeon.
You were not hungry.

You visited 1 branch of the dungeon, and saw 3 of its levels.

You collected 97 gold pieces.

Inventory:

Hand Weapons
 f - a +0 short sword (weapon)
Armour
 a - a +0 robe (worn)
 b - a +0 hat (worn)
 r - a +0 pair of gloves (worn)
Potions
 h - 2 potions of curing {unknown}
 i - a potion of agility
 j - a potion of heal wounds
 n - a potion of might {unknown}
Books
 c - a book of Minor Magic

   Spells                             Type                      Level
   a - Magic Dart                     Conjuration                  1
   b - Blink                          Translocation                2
   c - Call Imp                       Summoning                    2
   d - Repel Missiles                 Charms/Air                   2
   e - Slow                           Hexes                        2
   f - Conjure Flame                  Conjuration/Fire             3
   g - Mephitic Cloud                 Conjuration/Poison/Air       3
Comestibles
 d - 2 bread rations
 g - 2 slices of pizza
 k - a chunk of flesh
 l - a meat ration
 q - a beef jerky


   Skills:
 - Level 1.7 Dodging
 - Level 1.7 Stealth
 - Level 3.0 Spellcasting
 + Level 4.1 Conjurations
   Level 1.0 Summonings
   Level 0.8 Translocations


You had 8 spell levels left.
You knew the following spells:

 Your Spells              Type           Power        Failure   Level  Hunger
a - Magic Dart            Conj           ###.         2%          1    None


Dungeon Overview and Level Annotations

Branches:
Dungeon (3/15)

Altars:

Annotations:
D:3 Natasha


Innate Abilities, Weirdness & Mutations

A weak demonic guardian rushes to your aid.
You are immune to rotting.


Message History

The magic dart hits Natasha.
Natasha mumbles some strange words.
Natasha extends her claws.
Natasha casts a spell at you. The magic dart hits you!
* * * LOW HITPOINT WARNING * * *
Natasha closely misses you. Natasha barely misses you.
You closely miss Natasha. Natasha barely misses you. Natasha misses you.
You closely miss Natasha.
Your crimson imp hits Natasha but does no damage.
Natasha casts a spell.
Your crimson imp hits Natasha.
You hit Natasha.
Natasha is almost dead.
Natasha drinks a potion.
Natasha is healed!
The shadow imp lashes its tail.
Your crimson imp closely misses Natasha.
The white imp gestures at you. The puff of frost hits you!
You die...

#.#.#.......#
#.#.#.......#
#...#.......#
#.###.......#
#.###..#.##.#
#......#.##.###
#..รท#.## ....
###.#.#####.###.#.#
#......##.5@h5...(#
#.#.#......5###.###
#.#.##.......... .
#..........##.# ##
####..........
#.......###
......##.# ###...#
... #...# ##


You could see Natasha, a white imp, a shadow imp and a friendly crimson imp.

Vanquished Creatures
  Natasha (D:3)
  2 adders (D:2)
  An ooze (D:1)
  A giant gecko (D:1)
  9 bats
  A giant cockroach (D:1)
  5 hobgoblins
  2 jackals (D:2)
  2 kobolds (D:1)
  A quokka (D:2)
  A giant newt (D:1)
  3 goblins
  6 rats
35 creatures vanquished.

Notes
Turn   | Place    | Note
--------------------------------------------------------------
     0 | D:1      | Ijustatesigmund the Demonspawn Wizard began the quest for the Orb.
     0 | D:1      | Reached XP level 1. HP: 13/13 MP: 4/4
   364 | D:1      | Gained mutation: A weak demonic guardian rushes to your aid. [demonic ancestry]
   364 | D:1      | Reached XP level 2. HP: 19/19 MP: 1/6
  1224 | D:2      | Gained mutation: You are immune to rotting. [demonic ancestry]
  1224 | D:2      | Reached XP level 3. HP: 22/24 MP: 4/7
  2200 | D:3      | Noticed Natasha
  2214 | D:3      | Killed Natasha
  2214 | D:3      | Reached skill level 4 in Conjurations
  2214 | D:3      | Reached XP level 4. HP: 8/30 MP: 0/8
  2229 | D:3      | Noticed Natasha
  2238 | D:3      | Killed from afar by a white imp

Action                   |  1- 3 |  4- 6 || total
-------------------------+-------+-------++-------
Melee: Unarmed           |     9 |       ||     9
       Short sword       |    14 |     3 ||    17
Throw: Throwing net      |       |     1 ||     1
 Cast: Magic Dart        |    77 |     3 ||    80
  Use: Scroll            |     6 |       ||     6
       Potion            |     1 |       ||     1
  Eat: Chunk             |     3 |     1 ||     4
